 Dungeon Crawl Stone Soup version 0.18.1-48-g4cf74bf (webtiles) character file.

54082 Alarkh the Quickloader (level 14, 0/103 HPs)
             Began as a Mummy Hunter on Sept 10, 2016.
             Was a High Priest of Okawaru.
             Slain by a komodo dragon (31 damage)
             ... on level 8 of the Lair of Beasts.
             The game lasted 00:56:45 (24915 turns).

Alarkh the Quickloader (Mummy Hunter)              Turns: 24915, Time: 00:56:46

Health: 0/103      AC:  9    Str: 17    XL:     14   Next: 33%
Magic:  23/23      EV: 15    Int: 17    God:    Okawaru [*****.]
Gold:   1531       SH:  0    Dex: 12    Spells: 2 memorised, 14 levels left

rFire  + . .     SeeInvis +     a - +0 arbalest
rCold  + . .     Gourm    .     f - +0 robe of Impermeability {rF+ rC+ rCorr}
rNeg   + + +     Faith    .     (shield currently unavailable)
rPois  ∞         Spirit   .     C - +2 hat {Int+3}
rElec  .         Dismiss  .     (no cloak)
rCorr  +         Reflect  .     V - +2 pair of gloves
SustAt .         Harm     .     D - +0 pair of boots
MR     +....                    r - amulet of regeneration
Stlth  ++........               g - ring of fire
                                l - ring of see invisible

@: studying Armour, somewhat resistant to hostile enchantments, unstealthy
A: no food or potions, fire vulnerability, cold resistance 1, negative energy
resistance 3, torment resistance, unbreathing, in touch with death 1, restore
body
a: Self-Restoration, Heroism, Finesse, Renounce Religion


You were on level 8 of the Lair of Beasts.
You worshipped Okawaru.
Okawaru was extremely pleased with you.
You were not hungry.

You visited 3 branches of the dungeon, and saw 21 of its levels.
You also visited: Labyrinth and Sewer.

You collected 1531 gold pieces.

Inventory:

Hand Weapons
 a - a +0 arbalest (weapon)
 b - the +10 mace of Awkwardness {venom, +Rage}
   (You found it on level 5 of the Lair of Beasts)

   It poisons the flesh of those it strikes.
   It lets you go berserk.
 c - the +4 spear of Purpose {flame, rF+}
   (You found it in a labyrinth)

   It has been specially enchanted to burn those struck by it, causing extra
   injury to most foes and up to half again as much damage against particularly
   susceptible opponents.
   It protects you from fire.
 i - a +3 hand crossbow
 w - a +6 quick blade
 U - a +4 quarterstaff of draining
Missiles
 d - 62 bolts (quivered)
 H - a throwing net
Armour
 f - the +0 robe of Impermeability (worn) {rF+ rC+ rCorr}
   (You found it on level 4 of the Lair of Beasts)

   It protects you from fire.
   It protects you from cold.
   It protects you from acid and corrosion.
 m - the +0 cloak of Zaxiludezekk {rN+ MP+9 Dex+2}
   (Okawaru gifted it to you on level 7 of the Lair of Beasts)

   It affects your dexterity (+2).
   It protects you from negative energy.
   It affects your magic capacity (+9).
 u - a +1 cloak
 C - a +2 hat of intelligence (worn)
 D - a +0 pair of boots (worn)
 J - a +2 robe of cold resistance
 V - a +2 pair of gloves (worn)
Rods
 y - a +9 rod of inaccuracy (14/14)
   (You took it off a minotaur in a labyrinth)
 M - a +4 iron rod (12/12)
   (You found it in a labyrinth)
 R - a +6 lightning rod (9/9)
   (You found it in a labyrinth)
 S - a +4 rod of shadows (11/11)
   (You found it in a labyrinth)
Jewellery
 g - a ring of fire (right hand)
 l - a ring of see invisible (left hand)
 r - an amulet of regeneration (around neck)
 z - a +3 ring of intelligence
 K - an uncursed ring of wizardry
Wands
 p - a wand of paralysis (7/24)
 s - a wand of confusion (19/48)
 v - a wand of disintegration (12/24)
 x - a wand of disintegration (4/24)
 E - a wand of polymorph (12/24)
 I - a wand of iceblast (6/15)
 P - a wand of teleportation (4/9)
 T - a wand of enslavement (13/24)
Scrolls
 e - 2 scrolls of identify
 j - 4 scrolls of recharging
 k - a scroll of torment
 n - a scroll of magic mapping {unknown}
 o - 7 scrolls of remove curse
 q - a scroll of brand weapon {unknown}
 t - 2 scrolls of amnesia
 A - a scroll of acquirement {unknown}
 B - a scroll of silence {unknown}
 F - a scroll of enchant weapon
 G - a scroll of fog
 N - a scroll of enchant armour
 W - a scroll of holy word {unknown}
 X - a scroll of summoning
 Y - a scroll of teleportation
 Z - 2 scrolls of blinking
Books
 Q - a manual of Armour
Miscellaneous
 h - a sack of spiders
 O - a plain deck of wonders


   Skills:
 - Level 7.6 Fighting
 * Level 13.2 Crossbows
 - Level 6.2 Armour
 - Level 6.3 Dodging
 - Level 0.7 Stealth
 + Level 6.5 Spellcasting
 + Level 6.0 Charms
 + Level 6.0 Air Magic
 - Level 9.0 Invocations


You had 14 spell levels left.
You knew the following spells:

 Your Spells              Type           Power        Failure   Level  Hunger
a - Deflect Missiles      Chrm/Air       ####......   98%         6    N/A
b - Haste                 Chrm           ####....     98%         6    N/A

Dungeon Overview and Level Annotations

Branches:
Dungeon (12/15)            Temple (1/1) D:4            Lair (8/8) D:11
 Shoals (0/4) Lair:6       Spider (0/4) Lair:6        Slime (0/6) Lair:6
    Orc (0/2) D:11

Altars:
Ashenzari
Cheibriados
Dithmenos
Elyvilon
Fedhas
Gozag
Kikubaaqudgha
Makhleb
Nemelex Xobeh
Okawaru
Pakellas
Qazlal
Ru
Sif Muna
Trog
Vehumet
Xom
Yredelemnul
Zin
The Shining One
Jiyva

Shops:
D:10 :

Annotations:
D:10 exclusion: oklob plant, Maud
Lair:6 1 runed door


Innate Abilities, Weirdness & Mutations

You do not eat or drink.
Your flesh is vulnerable to fire.
You are immune to poison.
Your flesh is cold resistant.
You are immune to negative energy.
You are immune to unholy pain and torment.
You can survive without breathing.
You are in touch with the powers of death.
You can restore your body by infusing magical energy.


Message History

Aim: a komodo dragon (severely wounded)
You shoot a bolt.
The bolt barely misses the komodo dragon.
The water moccasin bites you but does no damage.
The komodo dragon bites you!! The water moccasin closely misses you.
You are too injured to fight recklessly!
Firing (i - inventory. (,) - cycle):
d - 64 bolts (quivered)
Press: ? - help, Shift-Dir - straight line, f/p - komodo dragon
Aim: a komodo dragon (severely wounded)
You shoot a bolt.
The bolt barely misses the komodo dragon.
The komodo dragon bites you!! The water moccasin barely misses you.
Firing (i - inventory. (,) - cycle):
d - 63 bolts (quivered)
Press: ? - help, Shift-Dir - straight line, f/p - komodo dragon
Aim: a komodo dragon (severely wounded)
You shoot a bolt.
The bolt completely misses the komodo dragon.
The water moccasin bites you. The komodo dragon misses you.
The water moccasin closely misses you. The komodo dragon bites you!!
You die...

#........#####PP##
#........###...(.
#...............# ....#.
#.......#.......##......
#♣........##..P..#......# ##
##.........PP....P..P.....
#..####..............P........P.
.................l..............
................@S.((...........
...........P#...#.............P.
##.###.#.#..##.#########.P#.#.#.
# ####.###### #### ###


You could see a komodo dragon and a water moccasin.

Vanquished Creatures
  A minotaur (Lab)
  4 hydras
  Erica (D:11)
  Erolcha (D:11)
  A centaur warrior (D:8)
  A catoblepas (Lair:5)
  Nergalle (D:11)
  An unseen horror (D:12)
  4 hill giants
  2 griffons
  A manticore (D:12)
  2 deep elf magi (D:8)
  An ugly thing (D:11)
  2 centaur zombies
  Maurice (D:9)
  10 elephants
  3 black mambas
  A siren (Lair:6)
  Joseph (D:7)
  A torpor snail (Lair:6)
  13 spiny frogs
  A komodo dragon (Lair:4)
  A merfolk (D:10)
  Prince Ribbit (D:8)
  4 jumping spiders
  A polar bear (Lair:8)
  Grinder (D:3)
  2 two-headed ogres
  A slime creature (D:8)
  30 blink frogs
  A vampire (D:10)
  A spriggan (D:10)
  A shadow (Lab)
  2 wraiths
  A wyvern (Lair:8)
  Sigmund (D:2)
  5 redbacks (Lair:6)
  3 fire bats (Lair:7)
  50 yaks
  Eustachio (D:6)
  2 hungry ghosts
  2 steam dragons
  10 hippogriffs
  Menkaure (D:5)
  A mottled dragon (D:11)
  A soldier ant (D:12)
  13 porcupines
  10 water moccasins
  2 ice beasts
  2 orc warriors
  5 sky beasts
  Purgy (Sewer)
  3 necrophages
  5 phantoms
  5 ogres
  3 wasps
  5 wolves (Lair:3)
  15 centaurs
  15 crocodiles
  2 big kobolds
  16 giant frogs
  A gnoll sergeant (D:9)
  A wyvern zombie (D:7)
  6 scorpions
  10 killer bees
  A troll skeleton (Lab)
  9 howler monkeys
  7 wights
  6 crimson imps
  2 giant frog zombies
  3 quasits
  6 hounds
  9 orc wizards
  Crazy Yiuf (D:5)
  2 orc priests
  4 giant frog skeletons
  2 jellies
  5 centaur skeletons
  Ijyb (D:3)
  Jessica (D:3)
  6 worker ants
  9 iguanas
  8 sheep
  2 hound zombies
  2 worker ant zombies
  A howler monkey zombie (D:6)
  5 gnolls
  11 adders
  51 river rats
  4 shadow imps
  3 oozes
  A worm (D:2)
  2 dart slugs (D:2)
  6 giant geckos
  17 orcs
  A ball python (D:4)
  13 bats
  6 giant cockroaches
  6 goblins
  8 hobgoblins
  13 jackals
  17 kobolds
  6 quokkas
  A giant cockroach zombie (D:5)
  9 giant newts
  A jackal skeleton (D:7)
  A jackal zombie (D:6)
  A quokka skeleton (D:4)
  12 rats
  2 fungi
  A plant (Lair:5)
583 creatures vanquished.

Vanquished Creatures (others)
  26 fungi
  10 plants
36 creatures vanquished.

Grand Total: 619 creatures vanquished

Notes
Turn   | Place    | Note
--------------------------------------------------------------
     0 | D:1      | Alarkh the Mummy Hunter began the quest for the Orb.
     0 | D:1      | Reached XP level 1. HP: 16/16 MP: 1/1
    78 | D:1      | Reached XP level 2. HP: 22/22 MP: 2/2
   252 | D:1      | Reached skill level 4 in Crossbows
   470 | D:2      | Reached XP level 3. HP: 27/27 MP: 3/3
   507 | D:2      | Noticed Sigmund
   871 | D:2      | Killed Sigmund
   871 | D:2      | Reached skill level 5 in Crossbows
   871 | D:2      | Reached XP level 4. HP: 6/33 MP: 4/4
   871 | D:2      | Reached XP level 5. HP: 6/38 MP: 5/5
  1238 | D:2      | Found a bloodstained altar of Trog.
  2105 | D:3      | Noticed Jessica
  2175 | D:3      | Killed Jessica
  2175 | D:3      | Reached skill level 6 in Crossbows
  2175 | D:3      | Reached XP level 6. HP: 44/44 MP: 6/6
  2179 | D:3      | Noticed Grinder
  2513 | D:3      | Killed Grinder
  2599 | D:3      | Noticed Ijyb
  2605 | D:3      | Killed Ijyb
  2605 | D:3      | Reached skill level 7 in Crossbows
  2800 | D:3      | Reached XP level 7. HP: 45/50 MP: 7/7
  2954 | D:4      | Found a glowing drain.
  3088 | D:4      | Found a staircase to the Ecumenical Temple.
  3097 | Temple   | Entered the Ecumenical Temple
  3187 | Sewer    | Entered a sewer
  3377 | Sewer    | Noticed Purgy
  3390 | Sewer    | Killed Purgy
  4110 | D:5      | Entered Level 5 of the Dungeon
  4188 | D:5      | Reached skill level 8 in Crossbows
  4231 | D:5      | Reached XP level 8. HP: 46/56 MP: 8/8
  4565 | D:5      | Noticed Menkaure
  4569 | D:5      | Killed Menkaure
  4569 | D:5      | Reached skill level 9 in Crossbows
  4592 | D:5      | Noticed Crazy Yiuf
  4602 | D:5      | Killed Crazy Yiuf
  4916 | D:5      | Reached skill level 10 in Crossbows
  5090 | D:6      | Reached skill level 1 in Armour
  5096 | D:6      | Reached XP level 9. HP: 25/62 MP: 9/9
  5374 | D:6      | Found a stormy altar of Qazlal.
  5410 | D:6      | Noticed Eustachio
  5448 | D:6      | Killed Eustachio
  5865 | D:6      | Found an iron altar of Okawaru.
  5873 | D:6      | Became a worshipper of Warmaster Okawaru
  5962 | D:7      | Noticed Joseph
  6387 | D:7      | Found a snail-covered altar of Cheibriados.
  6703 | D:7      | Killed Joseph
  7060 | D:8      | Reached * piety under Okawaru
  7520 | D:8      | Reached XP level 10. HP: 45/73 MP: 10/10
  7688 | D:8      | Noticed Prince Ribbit
  7757 | D:8      | Noticed a centaur warrior
  7779 | D:8      | Killed a centaur warrior
  7779 | D:8      | Reached ** piety under Okawaru
  7779 | D:8      | Reached skill level 5 in Fighting
  8018 | D:8      | Noticed a deep elf mage
  8028 | D:8      | Killed a deep elf mage
  8028 | D:8      | Reached skill level 11 in Crossbows
  8129 | D:8      | Reached skill level 5 in Dodging
  8239 | D:8      | Killed Prince Ribbit
  8244 | D:8      | Noticed a deep elf mage
  8253 | D:8      | Killed a deep elf mage
  8253 | D:8      | Reached *** piety under Okawaru
  8362 | D:8      | Reached skill level 5 in Armour
  8896 | D:7      | Found a shimmering altar of Xom.
  9802 | D:9      | Reached XP level 11. HP: 83/83 MP: 11/11
  9820 | D:9      | Found an ancient bone altar of Kikubaaqudgha.
  9821 | D:9      | Found a deep blue altar of Sif Muna.
  9823 | D:9      | Found a radiant altar of Vehumet.
  9826 | D:9      | Identified Kikubaaqudgha's Grimoire of Evil
  9854 | D:9      | Noticed Maurice
  9920 | D:9      | Received a gift from Okawaru
  9975 | D:9      | Killed Maurice
 10655 | D:10     | Entered Level 10 of the Dungeon
 11166 | D:10     | Reached **** piety under Okawaru
 11653 | D:10     | Noticed a hill giant
 11662 | D:10     | Killed a hill giant
 11698 | D:10     | Found a radiant altar of Vehumet.
 11698 | D:10     | Noticed an oklob plant
 11782 | D:10     | Found Rouzaps's Book Emporium.
 12099 | D:10     | Noticed Maud
 12553 | D:10     | Reached skill level 1 in Invocations
 12680 | D:11     | Found a staircase to the Orcish Mines.
 12701 | D:11     | Noticed Erolcha
 12724 | D:11     | Killed Erolcha
 12724 | D:11     | Reached ***** piety under Okawaru
 12870 | D:11     | Noticed Erica
 12890 | D:11     | Killed Erica
 12890 | D:11     | Received a gift from Okawaru
 12949 | D:11     | Reached skill level 5 in Invocations
 13015 | D:11     | Noticed a hill giant
 13026 | D:11     | Killed a hill giant
 13030 | D:11     | Received a gift from Okawaru
 13098 | D:11     | Found a staircase to the Lair.
 13100 | D:11     | Noticed a purple ugly thing
 13118 | D:11     | Killed a purple ugly thing
 13118 | D:11     | Reached XP level 12. HP: 75/91 MP: 14/16
 13314 | D:11     | Noticed Nergalle
 13332 | D:11     | Killed Nergalle
 14041 | D:11     | Received a gift from Okawaru
 14131 | Lair:1   | Entered Level 1 of the Lair of Beasts
 14366 | D:12     | Found a labyrinth entrance.
 14375 | Lab      | Entered a labyrinth
 14533 | Lab      | Noticed a minotaur
 14552 | Lab      | Killed a minotaur
 14552 | Lab      | Received a gift from Okawaru
 14570 | Lab      | Got a smoking spear
 14586 | D:12     | Identified the +4 spear of Purpose {flame, rF+} (You found it in a labyrinth)
 14597 | D:12     | Learned a level 6 spell: Deflect Missiles
 14607 | D:12     | Received a gift from Okawaru
 14608 | D:12     | Got a brightly glowing hat {god gift}
 14619 | D:12     | Identified the +0 hat "Eqimesi" {*Corrode +Inv rN+ Int+3} (Okawaru gifted it to you on level 12 of the Dungeon)
 14837 | D:12     | Reached skill level 1 in Charms
 14841 | D:12     | Identified a +4 rod of shadows (11/11) (You found it in a labyrinth)
 14947 | D:12     | Learned a level 6 spell: Haste
 14961 | D:12     | Noticed a catoblepas
 14963 | D:12     | Reached skill level 1 in Spellcasting
 15045 | D:11     | Reached skill level 1 in Air Magic
 15486 | Lair:1   | Reached skill level 12 in Crossbows
 17250 | Lair:3   | Gained mutation: You are in touch with the powers of death. [Mummy growth]
 17250 | Lair:3   | Gained mutation: You can restore your body by infusing magical energy. [Mummy growth]
 17250 | Lair:3   | Reached XP level 13. HP: 97/97 MP: 19/19
 17582 | Lair:3   | Received a gift from Okawaru
 18287 | Lair:4   | Received a gift from Okawaru
 18406 | Lair:4   | Got an ominously black robe
 18417 | Lair:4   | Identified the +0 robe of Impermeability {rF+ rC+ rCorr} (You found it on level 4 of the Lair of Beasts)
 19796 | Lair:5   | Got an iridescent mace
 19797 | Lair:5   | Identified the +10 mace of Awkwardness {venom, +Rage} (You found it on level 5 of the Lair of Beasts)
 19930 | Lair:5   | Found a radiant altar of Vehumet.
 20069 | Lair:5   | Received a gift from Okawaru
 20708 | Lair:6   | Received a gift from Okawaru
 20723 | Lair:6   | Found a runed door.
 20727 | Lair:6   | Reached skill level 5 in Spellcasting
 20728 | Lair:6   | Found a viscous altar of Jiyva.
 20729 | Lair:6   | Noticed an acid blob
 20730 | Lair:6   | Found a staircase to the Slime Pits.
 21054 | Lair:6   | Found a hole to the Spider Nest.
 21079 | Lair:5   | Reached skill level 5 in Charms
 21897 | Lair:6   | Found a staircase to the Shoals.
 21922 | Lair:6   | Reached skill level 5 in Air Magic
 22638 | Lair:6   | Identified a +9 rod of inaccuracy (14/14) (You took it off a minotaur in a labyrinth)
 22642 | Lair:6   | Reached XP level 14. HP: 79/103 MP: 22/22
 23194 | Lair:7   | Reached skill level 13 in Crossbows
 23509 | Lair:7   | Received a gift from Okawaru
 24140 | Lair:8   | Entered Level 8 of the Lair of Beasts
 24198 | Lair:7   | Received a gift from Okawaru
 24204 | Lair:7   | Got an encrusted cloak {god gift}
 24215 | Lair:7   | Identified the +0 cloak of Zaxiludezekk {rN+ MP+9 Dex+2} (Okawaru gifted it to you on level 7 of the Lair of Beasts)
 24915 | Lair:8   | Slain by a komodo dragon

Skill      XL: |  1  2  3  4  5  6  7  8  9 10 11 12 13 14 |
---------------+-------------------------------------------+-----
Crossbows      | 4 5 6 7 8 10 11 12 13 | 13.2
Armour         | 1 3 5 6 |  6.2
Dodging        | 4 5 6 |  6.3
Fighting       | 4 6 7 |  7.6
Invocations    | 6 9 |  9.0
Charms         | 2 5 6 |  6.0
Spellcasting   | 3 5 6 |  6.5
Air Magic      | 2 5 6 |  6.0
Stealth        | |  0.7

Action                   |  1- 3 |  4- 6 |  7- 9 | 10-12 | 13-15 || total
-------------------------+-------+-------+-------+-------+-------++-------
Melee: Short sword       |     2 |   151 |    11 |       |       ||   164
       Trident           |       |       |    68 |       |       ||    68
       Morningstar       |       |       |   292 |    10 |       ||   302
       Mace              |       |       |       |       |   394 ||   394
       Quick blade       |       |       |       |       |   157 ||   157
 Fire: Hand crossbow     |    63 |    49 |   199 |  1214 |   350 ||  1875
       Arbalest          |       |       |       |       |    95 ||    95
Throw: Throwing net      |       |       |       |       |     1 ||     1
Invok: Heroism           |       |       |       |    14 |     6 ||    20
       Finesse           |       |       |       |     1 |     1 ||     2
Evoke: Wand              |       |       |       |     5 |     1 ||     6
       Rod               |       |       |       |       |     4 ||     4
  Use: Scroll            |       |     4 |     7 |    15 |     6 ||    32
 Stab: Sleeping          |       |       |     2 |       |       ||     2
Armor: Leather armour    |     9 |    59 |   221 |    72 |       ||   361
       Robe              |       |       |       |    80 |   273 ||   353
Dodge: Dodged            |    13 |   116 |   389 |   422 |   755 ||  1695
